 Dungeon Crawl Stone Soup version 0.29.1-15-g9cfb28693d (webtiles) character file.

Game seed: 5969280431494623871

3502 BeingJoeMalik the Spear-Bearer (level 10, -1/56 HPs)
             Began as a Tengu Monk on Mar 31, 2023.
             Was a High Priest of Wu Jian.
             Slain by an orc warrior
             ... wielding a +0 battleaxe
              (12 damage)
             ... on level 8 of the Dungeon on Apr 7, 2023.
             The game lasted 00:18:36 (9055 turns).

BeingJoeMalik the Spear-Bearer (Tengu Monk)         Turns: 9055, Time: 00:18:37

Health: -1/56      AC: 12    Str: 13    XL:     10   Next: 7%
Magic:  11/11      EV: 20    Int: 10    God:    Wu Jian [*****.]
Gold:   527        SH:  0    Dex: 20    Spells: 9/9 levels left

rFire   . . .      SeeInvis .   E - +0 trident (protect)
rCold   . . .      Faith    +   (no shield)
rNeg    . . .      Spirit   .   F - +0 troll leather armour
rPois   .          Reflect  .   (helmet restricted)
rElec   .          Harm     .   (no cloak)
rCorr   .          Rampage  .   r - +0 pair of gloves
Will    .....                   (boots unavailable)
Stlth   ++........              f - amulet of faith
HPRegen 0.98/turn               s - +4 ring of evasion
MPRegen 0.12/turn               (no ring)

@: under a protective aura, flying quickly and evasively, quick
A: beak, talons 3, nimble flight
a: Renounce Religion, Wall Jump, Serpent's Lash, Heavenly Storm


You were on level 8 of the Dungeon.
You worshipped Wu Jian.
Wu Jian was extremely pleased with you.
You visited 1 branch of the dungeon, and saw 9 of its levels.

You collected 527 gold pieces.

Inventory:

Hand Weapons
 a - a +1 spear
 b - the +0 falchion of Mufasid {protect, rPois rN+++ Int-3 Dex-3}
   (You took it off a goblin on level 2 of the Dungeon)

   It grants its wielder temporary protection when it strikes (+7 to AC).
   Int:       It affects your intelligence (-3).
   Dex:       It affects your dexterity (-3).
   rPois:     It protects you from poison.
   rN:        It renders you almost immune to negative energy.
 l - a +2 spear of protection
 E - a +0 trident of protection (weapon)
Missiles
 j - 3 throwing nets
 p - 4 javelins (quivered)
 w - 7 curare-tipped darts
Armour
 h - a +0 robe of willpower
 i - +0 acid dragon scales
 r - a +0 pair of gloves (worn)
 z - a +2 ring mail of fire resistance
 F - a +0 troll leather armour (worn)
Jewellery
 f - an amulet of faith (around neck)
 m - a ring of ice
 s - a +4 ring of evasion (left hand)
Wands
 D - a wand of mindburst (17)
Scrolls
 g - 2 scrolls of vulnerability
 x - a scroll of enchant weapon
 y - a scroll of enchant armour {unknown}
 A - 2 scrolls of teleportation
Potions
 c - a potion of ambrosia
 d - a potion of attraction
 e - 4 potions of flight
 k - a potion of degeneration
 n - 2 potions of magic
 o - a potion of mutation
 q - 2 potions of curing
 t - 2 potions of lignification
 u - a potion of brilliance
 v - a potion of cancellation
 B - 2 potions of might
 C - a potion of haste {unknown}


   Skills:
 + Level 3.5 Fighting
 + Level 14.9 Polearms
 + Level 2.2 Armour
 + Level 3.8 Dodging
 - Level 2.0 Stealth


You had 9 spell levels left.
You didn't know any spells.
Your spell library contained the following spells:

 Spells                   Type           Power      Damage    Failure   Level
 Apportation              Tloc           0%         N/A       43%         1
 Necrotise                Necr           0%         1d4       43%         1
 Sandblast                Erth           0%         2d4       43%         1
 Summon Small Mammal      Summ           0%         N/A       43%         1
 Passwall                 Tmut/Erth      0%         N/A       58%         2
 Sublimation of Blood     Necr           0%         N/A       58%         2
 Inner Flame              Hex/Fire       0%         N/A       82%         3
 Ozocubu's Armour         Ice            0%         N/A       82%         3
 Stone Arrow              Conj/Erth      0%         3d7       82%         3
 Cause Fear               Hex            0%         N/A       99%         4
 Petrify                  Tmut/Erth      0%         N/A       99%         4
 Alistair's Intoxication  Tmut/Pois      0%         N/A       100%        5
 Irradiate                Conj/Tmut      0%         3d11      100%        5
 Ozocubu's Refrigeration  Ice            0%         4d7       100%        7
 Discord                  Hex            0%         N/A       100%        8


Dungeon Overview and Level Annotations

Branches:
Dungeon (9/15)             Temple (0/1) D:6
   Lair: D:8-11         Orc: D:9-12

Altars:
Cheibriados
Dithmenos
Gozag
Makhleb
Okawaru
Uskayaw
Wu Jian
Yredelemnul

Annotations:
D:3 Grinder
D:7 2 transporters, jziggy's ghost, novice MfTm


Innate Abilities, Weirdness & Mutations

You have a beak for a mouth.
You have claws for feet.
Your magical nature lets you fly swiftly and evasively.


Message History

The gnoll is moderately wounded.
The orc warrior closely misses you. The gnoll misses you.
You hit the gnoll but do no damage. Your kick misses the gnoll.
The gnoll is moderately wounded.
The orc warrior completely misses you. The gnoll misses you.
You hit the gnoll but do no damage. Your kick misses the gnoll.
You peck the gnoll, but do no damage. Your punch misses the gnoll.
The gnoll is moderately wounded.
You puncture the gnoll!
You kill the gnoll!
The Council accepts your kill.
The orc warrior hits you with a +0 battleaxe!!
You barely miss the orc warrior.
You claw the orc warrior, but do no damage.
The orc warrior is moderately wounded.
You hit the orc warrior.
You claw the orc warrior, but do no damage.
Your peck misses the orc warrior.
The orc warrior is moderately wounded.
The orc warrior hits you with a +0 battleaxe!
* * * LOW HITPOINT WARNING * * *
You hit the orc warrior.
You peck the orc warrior, but do no damage.
The orc warrior is moderately wounded.
The orc warrior hits you with a +0 battleaxe.
* * * LOW HITPOINT WARNING * * *
Okay, then.
Unknown command.
You hit the orc warrior but do no damage.
You claw the orc warrior, but do no damage.
The orc warrior is moderately wounded.
You barely miss the orc warrior.
The orc warrior is moderately wounded.
The orc warrior closely misses you.
You hit the orc warrior.
The orc warrior is moderately wounded.
You closely miss the orc warrior. Your kick misses the orc warrior.
The orc warrior is moderately wounded.
The orc warrior hits you with a +0 battleaxe!
You die...

#......###..
#......# #..
##.....# #..
######.....# #..
#####....#.....###+#
#.......##....#.....
#.......##.#'##.....
#.)o....(..#.##.....
#..@....####.##.....
#.......#....##.##..
#.).#####.#####.##.#
#...#####.# ###.##..
#...#.....# #....#.#
#...#.#######.#..#.#
#####....##......#.#
####.##.#....#.#
#....##.....##.#


You could see an orc warrior.

Vanquished Creatures
  Pikel (D:7)
  Maggie (D:7)
  A troll (D:8)
  Prince Ribbit (D:7)
  2 water moccasins
  2 black bears
  3 sky beasts
  2 ice beasts
  2 kobold brigands
  3 scorpions
  4 bullfrogs
  3 wights (D:8)
  2 jellies
  A gnoll bouda (D:4)
  2 hounds
  2 orc priests
  Natasha (D:2)
  7 iguanas
  3 orc wizards
  6 adders
  5 gnolls
  A shadow imp (D:8)
  2 white imps
  2 ufetubi
  5 worms
  8 dart slugs
  27 orcs
  11 endoplasms
  2 giant cockroaches
  9 goblins
  7 hobgoblins
  3 jackals (D:1)
  4 quokkas
  9 ball pythons
  5 bats
  5 frilled lizards
  18 kobolds
  7 rats
179 creatures vanquished.

Vanquished Creatures (others)
  A plant (D:2)
1 creature vanquished.

Grand Total: 180 creatures vanquished

Notes
Turn   | Place    | Note
-------+----------+-------------------------------------------
     0 | D:1      | BeingJoeMalik the Tengu Monk began the quest for the Orb.
     0 | D:1      | Reached XP level 1. HP: 14/14 MP: 2/2
   173 | D:1      | Reached XP level 2. HP: 14/19 MP: 3/3
   313 | D:1      | Reached skill level 4 in Polearms
   966 | D:1      | Reached XP level 3. HP: 21/23 MP: 4/4
  1191 | D:2      | Identified the +0 falchion of Mufasid {protect, rPois rN+++
                  | Int-3 Dex-3}
  1342 | D:2      | Reached skill level 5 in Polearms
  1422 | D:2      | Reached XP level 4. HP: 23/28 MP: 5/5
  1498 | D:2      | Found a faded altar of an unknown god.
  1505 | D:2      | Prayed at the altar of an unknown god.
  1505 | D:2      | Became a worshipper of the Wu Jian Council
  1505 | D:2      | Reached * piety under Wu Jian
  1505 | D:2      | Reached ** piety under Wu Jian
  1712 | D:2      | Reached *** piety under Wu Jian
  2451 | D:2      | Noticed Natasha
  2457 | D:2      | Killed Natasha
  2458 | D:2      | Reached skill level 6 in Polearms
  2458 | D:2      | Gained mutation: Your magical nature lets you fly swiftly
                  | and evasively. [Tengu growth]
  2458 | D:2      | Reached XP level 5. HP: 27/32 MP: 6/6
  3538 | D:3      | Found a burning altar of Makhleb.
  3542 | D:3      | Found a basalt altar of Yredelemnul.
  3543 | D:3      | Found a snail-covered altar of Cheibriados.
  3824 | D:3      | Noticed Grinder
  3945 | D:4      | Reached skill level 7 in Polearms
  3958 | D:3      | Reached XP level 6. HP: 6/37 MP: 7/7
  4580 | D:4      | Noticed an ice beast
  4581 | D:4      | Found a hide-covered altar of Uskayaw.
  4652 | D:4      | Killed an ice beast
  4652 | D:4      | Reached **** piety under Wu Jian
  4653 | D:4      | Reached skill level 8 in Polearms
  4767 | D:4      | Reached XP level 7. HP: 30/41 MP: 8/8
  5234 | D:4      | Found an opulent altar of Gozag.
  5483 | D:5      | Entered Level 5 of the Dungeon
  5584 | D:5      | Reached skill level 9 in Polearms
  5790 | D:5      | Reached skill level 10 in Polearms
  6074 | D:5      | Identified the +8 flail of Cheibriados, Threshing {drain,
                  | rC+ Will+ Int-3 SInv}
  6107 | D:5      | Reached XP level 8. HP: 40/46 MP: 9/9
  6463 | D:6      | Reached skill level 11 in Polearms
  6476 | D:6      | Found an iron altar of Okawaru.
  6476 | D:6      | Found a shadowy altar of Dithmenos.
  6505 | D:6      | Found a staircase to the Ecumenical Temple.
  6722 | D:6      | Reached skill level 12 in Polearms
  7207 | D:7      | Found a transporter.
  7211 | D:7      | Noticed jziggy's ghost (novice MfTm)
  7348 | D:7      | Found a transporter.
  7409 | D:7      | Reached XP level 9. HP: 50/50 MP: 10/10
  7411 | D:7      | Noticed Prince Ribbit
  7423 | D:7      | Killed Prince Ribbit
  7553 | D:7      | Reached skill level 13 in Polearms
  7555 | D:7      | Noticed Maggie
  7589 | D:7      | Killed Maggie
  7679 | D:7      | Noticed Pikel
  7695 | D:7      | Killed Pikel
  7696 | D:7      | Reached skill level 14 in Polearms
  8252 | D:8      | Reached ***** piety under Wu Jian
  8273 | D:8      | Reached skill level 1 in Armour
  8648 | D:8      | Reached XP level 10. HP: 56/56 MP: 11/11
  9055 | D:8      | Slain by an orc warrior

Illustrated notes

Levels and vault maps discovered:
D:1:      mushboom_english_gardens, layout_basic
D:2:      layout_loops_ring, serial_forest, infiniplex_forest_clump_diagonal,
          infiniplex_forest_straight_3, infiniplex_forest_straight_3,
          infiniplex_forest_end_2, infiniplex_forest_clump_curved,
          infiniplex_forest_lined_room_, infiniplex_forest_split,
          infiniplex_forest_clump_curved, ebering_ecumenical_altar_sacrificial,
          minmay_randomly_rotated_circles, uniq_natasha
D:3:      layout_loops_ring, gammafunk_temple_overflow_forgotten, uniq_grinder
D:4:      layout_basic, grunt_gozag_breadcrumbs, old_standard_altar,
          nicolae_figureground_pulse
D:5:      layout_rooms, serial_corexii_hall, corexii_hall_statues_x,
          corexii_hall_statues_i, corexii_hall_statues_s,
          kennysheep_cross_bottleneck
D:6:      layout_gridville, chequers_temple_overflow_statue_of_worship,
          minmay_temple_entry_sparse_star
D:7:      layout_loops_corners, gammafunk_ghost_stat_death, uniq_pikel,
          uniq_prince_ribbit1, uniq_maggie
D:8:      layout_basic
D:9:      layout_irregular_city, zombieorc1_lemuel, uniq_psyche

Skill      XL: |  1  2  3  4  5  6  7  8  9 10 |
---------------+-------------------------------+-----
Polearms       | 4 5 6 7 8 10 12 14 | 14.9
Armour         | 1 2 |  2.2
Fighting       | |  3.5
Dodging        | |  3.8
Stealth        | |  2.0

Action                   |  1- 3 |  4- 6 |  7- 9 | 10-12 || total
-------------------------+-------+-------+-------+-------++-------
Melee: Spear             |   117 |   229 |   370 |    19 ||   735
       Peck              |    15 |    29 |    52 |     6 ||   102
       Kick              |    21 |    54 |   110 |    10 ||   195
       Punch             |       |     2 |     4 |       ||     6
       Trident           |       |       |       |    28 ||    28
Throw: Throwing net      |       |     1 |       |       ||     1
       Javelin           |       |       |       |     5 ||     5
  Use: Scroll            |       |    11 |     8 |       ||    19
       Potion            |       |     2 |       |       ||     2
 Stab: Sleeping          |     6 |    11 |     9 |       ||    26
       Held in net/web   |       |     3 |       |       ||     3
Armor: Robe              |     6 |     9 |     4 |       ||    19
       Ring mail         |       |       |    19 |     7 ||    26
Dodge: Dodged            |    35 |   103 |   123 |    25 ||   286
